 Dungeon Crawl Stone Soup version 0.28.0-43-g3370ac3207 (webtiles) character file.

Game seed: 16917049793393509211

194 smarlow the Sneak (level 5, -5/25 HPs)
             Began as a Vine Stalker Enchanter on Mar 16, 2022.
             Killed by divine providence
             ... invoked by an orc priest
              (8 damage)
             ... on level 3 of the Dungeon.
             The game lasted 00:05:51 (3084 turns).

smarlow the Sneak (Vine Stalker Enchanter)          Turns: 3084, Time: 00:05:53

Health: -5/25      AC:  2    Str: 11    XL:     5   Next: 73%
Magic:  0/10       EV: 12    Int: 15    God:
Gold:   160        SH:  0    Dex: 16    Spells: 5/10 levels left

rFire   . . .      SeeInvis .   a - +1 dagger
rCold   . . .      Faith    .   (no shield)
rNeg    . . .      Spirit   +   b - +0 robe
rPois   .          Reflect  .   (no helmet)
rElec   .          Harm     .   (no cloak)
rCorr   .          Rampage  .   (no gloves)
Will    .....                   (no boots)
Stlth   +++.......              (no amulet)
HPRegen 0.88/turn               k - ring of wizardry
MPRegen 0.12/turn               (no ring)

@: no status effects
A: fangs 2, regeneration 1, magic shield, antimagic bite, no potion heal 2
a: no special abilities


You were on level 3 of the Dungeon.
You visited 1 branch of the dungeon, and saw 4 of its levels.

You collected 160 gold pieces.

Inventory:

Hand Weapons
 a - a +1 dagger (weapon)
Armour
 b - a +0 robe (worn)
 j - a +0 pair of boots
Jewellery
 k - a ring of wizardry (left hand)
Wands
 i - a wand of mindburst (24)
Scrolls
 c - 2 scrolls of immolation {unknown}
 e - a scroll of noise {unknown}
 f - a scroll of brand weapon {unknown}
 h - a scroll of teleportation {unknown}
 l - 3 scrolls of identify {unknown}
Potions
 d - a potion of magic {unknown}
 g - a potion of haste {unknown}


   Skills:
 + Level 1.4 Fighting
 + Level 1.8 Short Blades
 + Level 0.7 Armour
 + Level 2.1 Dodging
 * Level 5.1 Stealth
 * Level 3.1 Spellcasting
 + Level 3.5 Hexes


You had 5 spell levels left.
You knew the following spells:

 Your Spells              Type           Power      Damage    Failure   Level
a - Ensorcelled Hibernat  Hex/Ice        14%        N/A       6%          2
b - Confusing Touch       Hex            13%        N/A       6%          3

Your spell library contained the following spells:

 Spells                   Type           Power      Damage    Failure   Level
 Tukima's Dance           Hex            13%        N/A       6%          3
 Summon Small Mammal      Summ           8%         N/A       9%          1
 Dazzling Flash           Conj/Hex       14%        N/A       12%         3
 Summon Guardian Golem    Hex/Summ       7%         N/A       12%         3
 Call Canine Familiar     Summ           2%         N/A       24%         3
 Gell's Gravitas          Tloc           2%         N/A       24%         3
 Ignite Poison            Fire/Tmut/Pois 2%         N/A       24%         3
 Lesser Beckoning         Tloc           2%         N/A       24%         3
 Mephitic Cloud           Conj/Pois/Air  2%         N/A       24%         3
 Teleport Other           Tloc           2%         N/A       24%         3
 Freezing Cloud           Conj/Ice/Air   1%         6-21      89%         5


Dungeon Overview and Level Annotations

Branches:
Dungeon (4/15)
 Temple: D:4-7

Altars:

Annotations:
D:3 Sigmund


Innate Abilities, Weirdness & Mutations

You have extremely sharp teeth.
Your natural rate of healing is unusually fast.
When hurt, damage is shared between your health and your magic reserves.
Your bite disrupts and absorbs the magic of your enemies.
Potions cannot restore your health.


Message History

Things that are here:
a +0 long sword; a +0 robe; the orc corpse of Blork the orc
Found a quarterstaff.
You see here a giant cockroach corpse.
You now have 131 gold pieces (gained 5).
Found a halberd.
Found an escape hatch in the floor.
You now have 145 gold pieces (gained 14).
c - 2 scrolls labelled EHE ESMOVACS You now have 160 gold pieces (gained 15).
l - 3 scrolls labelled GEBEIP ATZAHUEZ
There is an escape hatch in the ceiling here.
An orc comes into view.
It is wielding a +0 mace. 2 orc priests come into view.
The orc shouts!
The orc priest shouts!
The orc priest looks encouraged for a moment.
You hear a shout!
The orc closely misses you.
The orc resists with significant effort.
The orc closely misses you.
The orc priest calls down the wrath of Beogh upon you.
Beogh smites you!
The orc priest shouts!
The orc looks drowsy...
The helpless orc fails to defend itself.
You impale the orc!!
You kill the orc!
The orc priest resists with some effort.
The orc priest closely misses you.
You don't have enough magic to cast this spell.
You don't have enough magic to cast this spell.
You don't have enough magic to cast this spell.
You closely miss the orc priest.
The orc priest mumbles some strange prayers to Beogh against you.
Beogh smites you!
Ouch! That really hurt!
* * * LOW HITPOINT WARNING * * *
The orc priest calls down the wrath of Beogh upon you.
Beogh smites you!
You die...

## ############. ##########
##............
.........###########...........##
............................)....
.............................###.
........###########..####....#...
.#.............o@..............##
...####.....o.#####...........###
.. #(......# #............# #
#.......####........>..## # .
#.......#....#..#....### ## ..
###..............#.....# #.
#..##.........#####.###.<.## #.
.....#.###..#...#..# #.#.# ####.
. ###............#.## #.#.###....


You could see 2 orc priests.

Vanquished Creatures
  Blork the orc (D:3)
  2 gnolls (D:2)
  4 adders (D:2)
  4 worms (D:2)
  A dart slug (D:1)
  An orc (D:3)
  4 ball pythons
  6 endoplasms
  3 giant cockroaches
  3 hobgoblins
  4 jackals (D:2)
  6 quokkas
  7 bats
  2 frilled lizards
  4 goblins
  4 kobolds (D:2)
  3 rats
59 creatures vanquished.

Vanquished Creatures (others)
  49 plants (D:2)
49 creatures vanquished.

Grand Total: 108 creatures vanquished

Notes
Turn   | Place    | Note
-------+----------+-------------------------------------------
     0 | D:1      | smarlow the Vine Stalker Enchanter began the quest for the
                  | Orb.
     0 | D:1      | Reached XP level 1. HP: 9/9 MP: 4/4
    55 | D:1      | Reached skill level 1 in Short Blades
   129 | D:1      | Reached XP level 2. HP: 14/14 MP: 6/6
   144 | D:1      | Learned a level 2 spell: Ensorcelled Hibernation
   272 | D:1      | Reached skill level 4 in Stealth
   474 | D:1      | Found a faded altar of an unknown god.
   951 | D:2      | Reached XP level 3. HP: 17/17 MP: 7/7
  1566 | D:2      | Reached skill level 1 in Fighting
  1622 | D:2      | Learned a level 3 spell: Confusing Touch
  1894 | D:2      | Gained mutation: Your natural rate of healing is unusually
                  | fast. [Vine Stalker growth]
  1894 | D:2      | Reached XP level 4. HP: 22/22 MP: 5/8
  2688 | D:3      | Noticed Sigmund
  2744 | D:2      | Reached XP level 5. HP: 25/25 MP: 6/10
  2823 | D:4      | Noticed Blork the orc
  2851 | D:3      | HP: 1/25 [Blork the orc/+0 long sword (3)]
  2852 | D:3      | Killed Blork the orc
  2853 | D:3      | Reached skill level 5 in Stealth
  3084 | D:3      | Killed from afar by an orc priest

Illustrated notes

Levels and vault maps discovered:
D:1:      dpeg_arrival_renting, layout_basic,
          shapermc_ecumenical_altar_flowoftime
D:2:      wad_woods_tower, layout_rooms, minmay_curled_crystal, corner_web_ring,
          grunt_ministairs_14, minmay_heptomino_l4
D:3:      layout_rooms, uniq_sigmund
D:4:      layout_basic, uniq_blork_the_orc, uniq_edmund

Skill      XL: |  1  2  3  4  5 |
---------------+----------------+-----
Short Blades   | 1 |  1.8
Stealth        | 4 5 |  5.1
Fighting       | 1 |  1.4
Dodging        | 2 |  2.1
Spellcasting   | 3 |  3.1
Armour         | |  0.7
Hexes          | |  3.5

Action                   |  1- 3 |  4- 6 || total
-------------------------+-------+-------++-------
Melee: Dagger            |    64 |    56 ||   120
       Bite              |    15 |    14 ||    29
       Punch             |     2 |     1 ||     3
 Cast: Ensorcelled Hiber |    13 |    22 ||    35
  Use: Potion            |     1 |     1 ||     2
 Stab: Sleeping          |    12 |    18 ||    30
       Invisible         |     1 |       ||     1
Armor: Robe              |    15 |    11 ||    26
Dodge: Dodged            |    45 |    39 ||    84
